 Dungeon Crawl Stone Soup version 0.30-a0-476-g330ca2eb8e (webtiles) character file.

Game seed: 3303708471389246845

67 vineage the Trooper (level 4, -2/29 HPs)
             Began as a Gargoyle Fighter on Dec 21, 2022.
             Killed by divine providence
             ... invoked by an orc priest
              (16 damage)
             ... on level 3 of the Dungeon.
             The game lasted 00:02:29 (1703 turns).

vineage the Trooper (Gargoyle Fighter)              Turns: 1703, Time: 00:02:30

Health: -2/29      AC: 11    Str: 21    XL:     4   Next: 16%
Magic:  4/4        EV:  9    Int:  9    God:
Gold:   62         SH:  4    Dex:  9    Spells: 3/3 levels left

rFire   . . .      SeeInvis .    s - +0 morningstar
rCold   . . .      Faith    .    c - +0 buckler
rNeg    + . .      Spirit   .    b - +0 scale mail
rPois   ∞          Reflect  .    (no helmet)
rElec   +          Harm     .    h - +0 cloak
rCorr   .          Rampage  .    (no gloves)
Will    .....                    (no boots)
Stlth   ..........               (no amulet)
HPRegen 0.24/turn                (no ring)
MPRegen 0.09/turn                (no ring)

@: no status effects
A: sickness immunity, AC +3, negative energy resistance 1, electricity
resistance, torment resistance 1, petrification resistance
a: no special abilities


You were on level 3 of the Dungeon.
You visited 1 branch of the dungeon, and saw 3 of its levels.

You collected 118 gold pieces.
You spent 56 gold pieces at shops.

Inventory:

Hand Weapons
 a - a +0 flail
 s - a +0 morningstar (weapon)
Armour
 b - a +0 scale mail (worn)
 c - a +0 buckler (worn)
 h - a +0 cloak (worn)
Jewellery
 i - an amulet of magic regeneration
Scrolls
 g - a scroll of blinking
 j - a scroll of poison
 l - 3 scrolls of amnesia {unknown}
 m - a scroll of enchant armour {unknown}
 o - a scroll of torment
 r - a scroll of fear {unknown}
Potions
 d - a potion of might
 e - a potion of haste {unknown}
 f - 3 potions of curing {unknown}
 k - 3 potions of heal wounds {unknown}
 n - a potion of magic {unknown}
 p - a potion of degeneration {unknown}
 q - a potion of flight {unknown}


   Skills:
 + Level 4.1 Fighting
 * Level 3.7 Maces & Flails
 - Level 3.2 Armour
 - Level 3.2 Shields


You had 3 spell levels left.
You didn't know any spells.
Your spell library was empty.

Dungeon Overview and Level Annotations

Branches:
Dungeon (3/15)

Altars:

Shops:
D:2 (


Innate Abilities, Weirdness & Mutations

You are immune to sickness and miasma.
Your stone body is resilient. (AC +3)
You are immune to poison.
You resist negative energy. (rN+)
You are resistant to electric shocks. (rElec)
You are resistant to unholy torment.
You are immune to petrification.


Message History

You kill the orc!
You block the orc's attack.
Things that are here:
a +0 dagger; an orc corpse You barely miss the orc.
The orc priest invokes the aid of Beogh against you.
Beogh smites you! The orc misses you.
You closely miss the orc. The orc hits you but does no damage.
You hit the orc priest.
The orc priest is moderately wounded.
The orc priest closely misses you. The orc hits you with a +0 trident.
The orc priest hits you but does no damage.
The orc hits you but does no damage.
You closely miss the orc priest.
The orc priest is moderately wounded.
The orc priest hits you but does no damage.
The orc hits you with a +0 trident.
You are too injured to fight recklessly!
You are too injured to fight recklessly!
You are too injured to fight recklessly!
You are too injured to fight recklessly!
You are too injured to fight recklessly!
You are too injured to fight recklessly!
You are too injured to fight recklessly!
You are too injured to fight recklessly!
You are too injured to fight recklessly!
You are too injured to fight recklessly!
You are too injured to fight recklessly!
You are too injured to fight recklessly!
You are too injured to fight recklessly!
You are too injured to fight recklessly!
Unknown command.
The orc closely misses you.
You see here 3 datura-tipped darts.
The orc closely misses you.
There is a stone staircase leading up here.
The orc priest mumbles some strange prayers to Beogh against you.
Beogh smites you!
Ouch! That really hurt!
You die...

#. #... ##. ..♣
#.. ..♣ ..###.♣
.....♣ ## #.##.♣♣
#.. #.##o.♣♣♣♣...
#...#@o.o)o......
#....†####......
#....## ##...
##...# . #....
##..# #..# #..#
#..#


You could see an orc priest and 3 orcs.

Vanquished Creatures
  A gnoll (D:1)
  A worm (D:2)
  A dart slug (D:1)
  An orc (D:3)
  4 endoplasms
  A giant cockroach (D:2)
  4 goblins
  5 hobgoblins
  4 kobolds
  3 quokkas (D:1)
  8 ball pythons
  6 bats
  3 frilled lizards (D:1)
  7 rats
49 creatures vanquished.

Notes
Turn   | Place    | Note
-------+----------+-------------------------------------------
     0 | D:1      | vineage the Gargoyle Fighter began the quest for the Orb.
     0 | D:1      | Reached XP level 1. HP: 14/14 MP: 1/1
    57 | D:1      | Reached XP level 2. HP: 13/19 MP: 2/2
   279 | D:1      | Reached XP level 3. HP: 20/24 MP: 3/3
   991 | D:2      | Reached skill level 4 in Fighting
  1235 | D:2      | Reached XP level 4. HP: 29/29 MP: 4/4
  1274 | D:2      | Identified the +9 whip of Wondrous Power {vorpal, Int+4}
  1538 | D:2      | Found Olorury's Weapon Emporium.
  1552 | D:2      | Bought a +0 morningstar for 56 gold pieces
  1703 | D:3      | Killed from afar by an orc priest

Illustrated notes

Levels and vault maps discovered:
D:1:      lightli_arrival_isolated_outpost, layout_basic,
          minmay_misc_feat_diagonals
D:2:      minmay_angry_zag, layout_loops_corners, serial_shops, shop,
          grunt_decor_fettered, chequers_serial_rivers_small_a,
          minmay_misc_feat_more_columns, grunt_ministairs_1
D:3:      layout_loops_cross, nicolae_tso_besieged_by_evil, serial_shops,
          nicolae_diamond_shop, basic_ecumenical_altar, minmay_misc_feat_x,
          minmay_misc_feat_secret_circle, nrook_campfire, minivault_23

Skill      XL: |  1  2  3 |
---------------+----------+-----
Maces & Flails | 3 |  3.7
Fighting       | 4 |  4.1
Armour         | |  3.2
Shields        | |  3.2

Action                   |  1- 3 |  4- 6 || total
-------------------------+-------+-------++-------
Melee: Flail             |   143 |    11 ||   154
       Morningstar       |       |     6 ||     6
  Use: Scroll            |     6 |       ||     6
Armor: Scale mail        |    74 |    12 ||    86
Dodge: Dodged            |    77 |    12 ||    89
Block: Buckler           |    30 |     6 ||    36

Table legend: (Time is in decaauts)
 A = Elapsed time spent in this place.
 B = Non-inter-level travel time spent in this place.
 C = Inter-level travel time spent in this place.
 D = Time resting spent in this place.
 E = Time spent auto-exploring this place.
 F = Levels seen in this place.
 G = Mean time per level.
                   A        B        C        D        E       F      G
               +--------+--------+--------+--------+--------+-----+--------+
         Total |   1753 |   1676 |     77 |      0 |   1302 |   3 |  584.3 |
       Dungeon |   1753 |   1676 |     77 |      0 |   1302 |   3 |  584.3 |
               +--------+--------+--------+--------+--------+-----+--------+

Top non-repeatable levels by time:
     D:2: 946 daAuts
     D:1: 788 daAuts
     D:3: 18 daAuts
